 Dungeon Crawl Stone Soup version 0.25.0-26-g0c896c7088 (webtiles) character file.

Game seed: 15455637082570257261

805 Electrofox the Changer (level 7, -7/52 HPs)
             Began as a Pale Draconian Transmuter on July 5, 2020.
             Mangled by an ogre
             ... wielding a +0 giant spiked club
              (22 damage)
             ... on level 5 of the Dungeon.
             The game lasted 00:58:50 (8575 turns).

Electrofox the Changer (Pale Draconian Transmuter)  Turns: 8575, Time: 00:58:51

Health: -7/52      AC: 10    Str: 13    XL:     7   Next: 60%
Magic:  11/13      EV: 12    Int: 14    God:
Gold:   229        SH:  0    Dex: 12    Spells: 8/14 levels left

rFire    . . .     SeeInvis .     - Unarmed
rCold    . . .     Gourm    .   (no shield)
rNeg     . . .     Faith    .   (armour unavailable)
rPois    .         Spirit   .   (helmet restricted)
rElec    .         Reflect  .   (no cloak)
rCorr    .         Harm     .   (no gloves)
MR       .....                  (no boots)
Stlth    +.........             (no amulet)
HPRegen  0.17/turn              x - +4 ring of protection (curse)
MPRegen  0.13/turn              (no ring)

@: appendage
A: breathe steam, unfitting armour, horns 2, cold-blooded, AC +6
a: Breathe Steam, End Transformation


You were on level 5 of the Dungeon.
You were not hungry.
You had grown temporary horns.
You visited 1 branch of the dungeon, and saw 6 of its levels.

You collected 229 gold pieces.

Inventory:

Hand Weapons
 b - a +0 hunting sling
Missiles
 a - 45 arrows
 f - 93 stones
 k - 3 curare-tipped darts
 o - 4 poisoned darts (quivered)
 s - 3 atropa-tipped darts
Jewellery
 p - an uncursed amulet of faith {unknown}
 x - a cursed +4 ring of protection (left hand)
Scrolls
 d - 5 scrolls of identify {unknown}
 g - 6 scrolls of remove curse
 i - 2 scrolls of fear {unknown}
 j - 3 scrolls of teleportation {unknown}
 l - a scroll of enchant weapon {unknown}
 q - 2 scrolls of amnesia {unknown}
 t - a scroll of fog {unknown}
 v - a scroll of magic mapping {unknown}
 y - 2 scrolls of random uselessness {unknown}
Potions
 e - a potion of magic {unknown}
 h - 3 potions of heal wounds
 m - a potion of haste {unknown}
 n - 2 potions of flight {unknown}
 r - a potion of curing {unknown}
 u - 2 potions of mutation {unknown}
 w - a potion of degeneration {unknown}
 z - a potion of ambrosia {unknown}
 A - a potion of berserk rage {unknown}
Comestibles
 c - 8 rations
 B - 10 chunks of flesh


   Skills:
 - Level 1.1 Fighting
 - Level 2.0 Dodging
 - Level 4.0 Unarmed Combat
 + Level 4.1 Spellcasting
 + Level 6.1 Transmutations
 - Level 3.4 Poison Magic


You had 8 spell levels left.
You knew the following spells:

 Your Spells              Type           Power        Failure   Level  Hunger
a - Beastly Appendage     Tmut           ###...       1%          1    None
b - Sticks to Snakes      Tmut           ###.....     2%          2    ##.....
c - Spider Form           Tmut/Pois      ###.......   8%          3    ###....

Your spell library contained the following spells:

 Spells                   Type           Power        Failure   Level  Hunger
 Blade Hands              Tmut           ###.......   38%         5    ######.
 Ice Form                 Ice/Tmut       ##......     47%         4    ####...


Dungeon Overview and Level Annotations

Branches:
Dungeon (6/15)
 Temple: D:4-7

Altars:
Dithmenos
Elyvilon
Gozag
Qazlal
Ru
Trog
Vehumet
Wu Jian
Xom
Zin
The Shining One

Shops:
D:4 (


Innate Abilities, Weirdness & Mutations

You can breathe blasts of scalding, opaque steam.
Your pale cyan-grey scales are hard. (AC +6)
You cannot fit into any form of body armour.
You are cold-blooded and may be slowed by cold attacks.
You have a pair of horns on your head.


Message History

You hit the ogre.
The ogre is severely wounded.
The ogre barely misses you.
Your ball python bites the ogre.
You strike the helpless ogre from behind!
You hit the ogre.
The ogre is severely wounded.
The phantom misses you.
Your ball python barely misses the ogre.
The ogre barely misses you.
You hit the ogre but do no damage.
The ogre is severely wounded.
The phantom barely misses you.
Your ball python barely misses the ogre.
You barely miss the ogre.
The ogre is severely wounded.
The phantom hits you.
* * * LOW HITPOINT WARNING * * *
The phantom blinks!
Your ball python bites the ogre.
The ogre hits you with a +0 giant spiked club!!
You die...

#....###..# #.#
#....# #..# #.#
#.#.####.)#########.#
#.#.##........^.....#
#.#.....)........####
#.####.#..######.#
#......#..# #S#
########..# #O#
#.....# #@# #.###.##
#ยง# #.# #..# #.# #.#
##.# #.# #.# #.# #.#
#.# #.# ###.# #.# #.#
#..W# #.# #.# #.###
####.####.# #.#


You could see a phantom, an ogre and a friendly ball python.

Vanquished Creatures
  A phantom (D:5)
  A scorpion (D:2)
  A jelly (D:5)
  2 crimson imps (D:5)
  2 hounds
  An orc priest (D:5)
  3 orc wizards
  An iguana (D:5)
  4 worker ants
  2 gnolls (D:1)
  8 adders
  2 shadow imps
  An ooze (D:3)
  2 adder zombies (D:6)
  4 worms
  3 dart slugs
  3 leopard geckos
  16 orcs
  5 bats
  8 giant cockroaches
  10 goblins
  8 hobgoblins
  8 jackals
  2 quokkas (D:5)
  A ball python (D:1)
  6 frilled lizards
  2 jackal skeletons (D:5)
  8 kobolds
  A leopard gecko skeleton (D:4)
  A quokka skeleton (D:3)
  6 rats
123 creatures vanquished.

Vanquished Creatures (collateral kills)
  An orc wizard (D:4)
1 creature vanquished.

Vanquished Creatures (others)
  A quokka (D:5)
1 creature vanquished.

Grand Total: 125 creatures vanquished

Notes
Turn   | Place    | Note
-------+----------+-------------------------------------------
     0 | D:1      | Electrofox the Draconian Transmuter began the quest for the
                  | Orb.
     0 | D:1      | Reached XP level 1. HP: 16/16 MP: 3/3
   247 | D:1      | Reached XP level 2. HP: 21/23 MP: 5/5
   253 | D:1      | Learned a level 2 spell: Sticks to Snakes
   735 | D:1      | Reached XP level 3. HP: 4/28 MP: 3/6
  1326 | D:1      | Reached skill level 3 in Transmutations
  2221 | D:2      | Reached XP level 4. HP: 35/35 MP: 7/7
  2596 | D:2      | Found a stormy altar of Qazlal.
  3414 | D:2      | Found a glowing golden altar of the Shining One.
  3645 | D:3      | Found a shadowy altar of Dithmenos.
  3773 | D:3      | Reached XP level 5. HP: 26/40 MP: 7/9
  4231 | D:3      | Learned a level 3 spell: Spider Form
  4568 | D:3      | Reached skill level 4 in Transmutations
  4978 | D:4      | Found a bloodstained altar of Trog.
  5102 | D:4      | Found Buofuwk's Weapon Emporium.
  5540 | D:4      | Reached XP level 6. HP: 47/47 MP: 11/11
  5719 | D:4      | Found an ornate altar of the Wu Jian Council.
  5810 | D:4      | Reached skill level 5 in Transmutations
  6098 | D:4      | Found a shimmering altar of Xom.
  6098 | D:4      | Found a radiant altar of Vehumet.
  6101 | D:4      | Found a sacrificial altar of Ru.
  6266 | D:5      | Entered Level 5 of the Dungeon
  6829 | D:5      | Found a white marble altar of Elyvilon.
  7110 | D:5      | Your scales start taking on a pale cyan-grey colour.
  7110 | D:5      | Reached XP level 7. HP: 31/52 MP: 11/13
  7295 | D:5      | Reached skill level 6 in Transmutations
  7295 | D:5      | Reached skill level 1 in Poison Magic
  7790 | D:5      | Found an opulent altar of Gozag.
  7803 | D:5      | Found a glowing silver altar of Zin.
  8575 | D:5      | Mangled by an ogre

Illustrated notes

Levels and vault maps discovered:
D:1:      dpeg_arrival_orchard, layout_basic
D:2:      layout_basic, nicolae_qazlal_general_emergency, tso_altar
D:3:      layout_basic, nicolae_overflow_crystal_walls
D:4:      layout_cave_pools, old_standard_altar, bloody_trog,
          grunt_temple_overflow_diamond, serial_shops, shop
D:5:      layout_loops_ring, grunt_temple_overflow_gold_and_silver,
          elyvilon_altar_4, first_ration, minmay_quadrilaterals
D:6:      layout_basic, kennysheep_mini, minmay_temple_entry_poolview

Skill      XL: |  1  2  3  4  5  6  7 |
---------------+----------------------+-----
Dodging        | 2 |  2.0
Transmutations | 3 4 5 6 |  6.1
Spellcasting   | 3 4 |  4.1
Unarmed Combat | 4 |  4.0
Poison Magic   | 3 |  3.4
Fighting       | |  1.1

Action                   |  1- 3 |  4- 6 |  7- 9 || total
-------------------------+-------+-------+-------++-------
Melee: Unarmed           |   136 |   255 |   105 ||   496
       Tailslap          |     6 |    22 |    14 ||    42
       Kick              |     3 |    12 |     3 ||    18
       Headbutt          |       |     3 |     4 ||     7
       Punch             |       |     4 |       ||     4
 Fire: Hunting sling     |       |   126 |    30 ||   156
Throw: Stone             |    75 |     4 |       ||    79
       Dart              |       |     4 |     3 ||     7
 Cast: Beastly Appendage |     3 |     9 |     6 ||    18
       Sticks to Snakes  |     3 |     5 |     1 ||     9
 Abil: Breathe Steam     |       |       |     2 ||     2
  Use: Scroll            |       |     1 |       ||     1
 Stab: Distracted        |     1 |     1 |     2 ||     4
  Eat: Chunk             |     4 |    16 |     5 ||    25
Armor: Skin              |    27 |    93 |    41 ||   161
Dodge: Dodged            |    86 |   183 |    85 ||   354
